 Dungeon Crawl Stone Soup version 0.25.1-2-g60ff931df9 (webtiles) character file.

Game seed: 18399387372752565857

210592 Delamore the Warrior (level 18, -1/131 HPs)
             Began as a Gargoyle Fighter on Sept 24, 2020.
             Was the Champion of Okawaru.
             Hit by a silver javelin thrown by a merfolk javelineer (17 damage)
             ... on level 4 of the Shoals.
             The game lasted 00:38:29 (38251 turns).

Delamore the Warrior (Gargoyle Fighter)            Turns: 38251, Time: 00:38:29

Health: -1/131     AC: 41    Str: 26    XL:     18   Next: 86%
Magic:  21/21      EV:  7    Int: 11    God:    Okawaru [******]
Gold:   3365       SH: 30    Dex: 11    Spells: 17/17 levels left

rFire    . . .     SeeInvis .   X - +7 eveningstar "Hutooj" {pain, MR+}
rCold    . . .     Gourm    .   s - +2 tower shield {rPois}
rNeg     + . .     Faith    .   K - +9 chain mail of Wammu {Slay+3}
rPois    ∞         Spirit   .   c - +1 helmet
rElec    +         Reflect  +   L - scarf {repulsion}
rCorr    +         Harm     .   Z - +0 pair of gloves
MR       +++..                  D - +2 pair of boots of Xopp {rCorr Dex+2}
Stlth    ..........             u - amulet of reflection
HPRegen  0.31/turn              o - +4 ring of slaying
MPRegen  0.17/turn              p - ring of protection from magic

@: flying, repel missiles
A: big wings, negative energy resistance 1, electricity resistance, unbreathing,
petrification resistance, rot immunity, AC +13
}: 1/15 runes: gossamer
a: Stop Flying, Heroism, Finesse, Renounce Religion


You were on level 4 of the Shoals.
You worshipped Okawaru.
Okawaru was exalted by your worship.
You were not hungry.

You visited 6 branches of the dungeon, and saw 32 of its levels.
You also visited: Ice Cave.

You collected 3379 gold pieces.
You spent 14 gold pieces at shops.

Inventory:

Hand Weapons
 S - a +2 eveningstar of holy wrath
 X - the +7 eveningstar "Hutooj" (weapon) {pain, MR+}
   (Okawaru gifted it to you on level 6 of the Lair of Beasts)

   In the hands of one skilled in necromantic magic, it inflicts extra damage on
   living creatures.
   It affects your resistance to hostile enchantments.
Missiles
 a - 8 throwing nets
 B - 26 javelins (quivered)
 Q - 7 silver javelins
Armour
 c - a +1 helmet (worn)
 s - a +2 tower shield of poison resistance (worn)
 D - the +2 pair of boots of Xopp (worn) {rCorr Dex+2}
   (You found it on level 6 of the Lair of Beasts)

   It affects your dexterity (+2).
   It provides partial protection from all sources of acid and corrosion.
 K - the +9 chain mail of Wammu (worn) {Slay+3}
   (You found it on level 12 of the Dungeon)

   It affects your accuracy and damage with ranged weapons and melee attacks
   (+3).
 L - a scarf of repulsion (worn)
 Z - a +0 pair of gloves (worn)
Jewellery
 e - an uncursed ring of protection from cold
 i - an uncursed ring of protection from fire
 o - a +4 ring of slaying (left hand)
 p - a ring of protection from magic (right hand)
 q - an uncursed ring of see invisible
 u - an amulet of reflection (around neck)
 y - a cursed ring of attention {unknown}
 R - an uncursed ring of ice {unknown}
Wands
 F - a wand of clouds (6)
 M - a wand of flame (49)
 U - a wand of acid (3)
 V - a wand of iceblast (13)
 W - a wand of digging (18)
Scrolls
 g - 3 scrolls of fog
 h - 7 scrolls of remove curse
 l - 17 scrolls of teleportation
 m - 6 scrolls of immolation
 w - 13 scrolls of enchant weapon
 x - 3 scrolls of blinking
 G - 2 scrolls of amnesia
 H - 3 scrolls of fear
 I - 2 scrolls of silence
 N - 12 scrolls of enchant armour
 Y - a scroll of brand weapon
Potions
 b - 5 potions of mutation
 d - 4 potions of might
 k - 6 potions of heal wounds
 r - 7 potions of curing
 v - 3 potions of invisibility
 A - 2 potions of ambrosia
 C - a potion of resistance
 E - 3 potions of cancellation {unknown}
 J - 5 potions of stabbing {unknown}
 P - 5 potions of flight {unknown}
Miscellaneous
 t - a lightning rod (4/4)
 O - a phantom mirror
Comestibles
 f - 47 rations
 j - 14 chunks of flesh


   Skills:
 + Level 20.6 Fighting
 - Level 16.0 Maces & Flails
 - Level 10.0 Armour
 + Level 19.2 Shields
 - Level 5.0 Invocations
 - Level 5.0 Evocations


You had 17 spell levels left.
You didn't know any spells.
Your spell library contained the following spells:

 Spells                   Type           Power        Failure   Level  Hunger
 Animate Skeleton         Necr           N/A          98%         1    ##.....
 Apportation              Tloc           #.....       98%         1    ##.....
 Corona                   Hex            #......      98%         1    ##.....
 Pain                     Necr           #...         98%         1    ##.....
 Sandblast                Erth           #.....       98%         1    ##.....
 Shock                    Conj/Air       #...         98%         1    ##.....
 Sting                    Tmut/Pois      #...         98%         1    ##.....
 Summon Small Mammal      Summ           #...         98%         1    ##.....
 Call Imp                 Summ           #.......     99%         2    ###....
 Corpse Rot               Necr/Air       N/A          99%         2    ###....
 Passwall                 Tmut/Erth      #.......     99%         2    ###....
 Poisonous Vapours        Pois/Air       #.....       99%         2    ###....
 Swiftness                Chrm/Air       #.......     99%         2    ###....
 Call Canine Familiar     Summ           #.......     100%        3    ####...
 Confusing Touch          Hex            #.......     100%        3    ####...
 Gell's Gravitas          Tloc           #.........   100%        3    ####...
 Ignite Poison            Fire/Tmut/Pois #.......     100%        3    ####...
 Recall                   Summ/Tloc      N/A          100%        3    ####...
 Spider Form              Tmut/Pois      #.........   100%        3    ####...
 Static Discharge         Conj/Air       #.......     100%        3    ####...
 Stone Arrow              Conj/Erth      #.....       100%        3    ####...
 Summon Guardian Golem    Hex/Summ       #.......     100%        3    ####...
 Vampiric Draining        Necr           #.........   100%        3    ####...
 Airstrike                Air            #.........   100%        4    #####..
 Animate Dead             Necr           N/A          100%        4    #####..
 Cause Fear               Hex            #.........   100%        4    #####..
 Dispel Undead            Necr           #.......     100%        4    #####..
 Fulminant Prism          Conj/Hex       #.........   100%        4    #####..
 Petrify                  Tmut/Erth      #.......     100%        4    #####..
 Summon Ice Beast         Ice/Summ       #.......     100%        4    #####..
 Summon Lightning Spire   Summ/Air       #.......     100%        4    #####..
 Agony                    Necr           #.......     100%        5    ######.
 Alistair's Intoxication  Tmut/Pois      #.......     100%        5    ######.
 Aura of Abjuration       Summ           #.........   100%        5    ######.
 Excruciating Wounds      Chrm/Necr      #.........   100%        5    ######.
 Fireball                 Conj/Fire      #.........   100%        5    ######.
 Lee's Rapid Deconstruct  Erth           #.........   100%        5    ######.
 Lightning Bolt           Conj/Air       #.........   100%        5    ######.
 Metabolic Englaciation   Hex/Ice        #.........   100%        5    ######.
 Silence                  Hex/Air        #.........   100%        5    ######.
 Summon Demon             Summ           #.........   100%        5    ######.
 Summon Forest            Summ/Tloc      #.........   100%        5    ######.
 Summon Mana Viper        Hex/Summ       #.......     100%        5    ######.
 Yara's Violent Unravell  Hex/Tmut       #.........   100%        5    ######.
 Conjure Ball Lightning   Conj/Air       #.........   100%        6    #######
 Shadow Creatures         Summ           N/A          100%        6    #######
 Starburst                Conj/Fire      #.........   100%        6    #######
 Ring of Flames           Chrm/Fire      #.........   100%        7    #######
 Discord                  Hex            #.........   100%        8    #######
 Ignition                 Fire           #.........   100%        8    #######
 Sublimation of Blood     Necr           Unusable     N/A         2    N/A

Dungeon Overview and Level Annotations

Branches:
Dungeon (15/15)            Temple (1/1) D:7            Lair (6/6) D:10
 Shoals (4/4) Lair:3       Spider (4/4) Lair:3        Slime (0/5) Lair:6
    Orc (2/2) D:10            Elf (0/3) Orc:2        Vaults (0/5) D:13
 Depths (0/5) D:15          IceCv (visited)

Altars:
Ashenzari
Cheibriados
Dithmenos
Elyvilon
Fedhas
Gozag
Hepliaklqana
Kikubaaqudgha
Makhleb
Nemelex Xobeh
Okawaru
Qazlal
Ru
Sif Muna
Trog
Uskayaw
Vehumet
Wu Jian
Xom
Yredelemnul
Zin
The Shining One
Beogh

Shops:
D:5 =   D:13 }   Orc:2 %!(%   Shoals:1 [

Annotations:
Lair:3 exclusion: 4 oklob plants


Innate Abilities, Weirdness & Mutations

You are resistant to torment.
Your stone body is resilient. (AC +13)
You are immune to poison.
Your large and strong wings let you fly indefinitely.
You resist negative energy. (rN+)
You are resistant to electric shocks. (rElec)
You can survive without breathing.
You are immune to petrification.
You are immune to rotting.


Message History

You thump the merfolk impaler!
The merfolk impaler is almost dead.
You block the merfolk impaler's attack. x2
You puncture the merfolk impaler!
The merfolk impaler is almost dead.
The merfolk hits you from afar with a +0 trident!
* * * LOW HITPOINT WARNING * * *
You block the merfolk impaler's attack.
The merfolk javelineer throws a silver javelin.
The silver javelin is repelled.
The silver javelin completely misses the merfolk impaler.
The merfolk impaler hits you but does no damage.
You block the merfolk impaler's attack.
You sock the merfolk impaler!
You kill the merfolk impaler!
Okawaru accepts your kill. You block the merfolk impaler's attack.
You block the merfolk's attack.
The merfolk javelineer throws a silver javelin.
The silver javelin pierces through you!
You die...

m... ...... .... .≈.# ####
.m.# ##(..##mm# ≈≈
#...)@#≈≈# ≈≈≈ #..:.()m≈##
≈≈≈≈#....m#mm.#####
≈≈≈≈##...##...≈≈≈≈≈
≈≈≈≈≈#####....≈≈≈≈≈
≈≈≈....≈≈≈≈≈≈≈≈......≈≈≈≈≈
≈≈≈.(#.≈..≈≈≈≈≈......≈≈≈≈≈
≈≈.....≈≈..≈≈≈.≈≈≈.≈≈..≈≈≈≈
≈≈≈....≈≈≈≈≈≈..≈≈≈m≈≈..≈≈≈≈


You could see a merfolk impaler, a merfolk javelineer, a merfolk and a merfolk
siren.

Vanquished Creatures
  Nikola (Shoals:3)
  Arachne (Spider:3)
  The ghost of cfbundy the Severer, an adept FoFi of the Shining One (Spider:4)
  A kraken (Shoals:1)
  A fire giant (D:15)
  A frost giant (IceCv)
  An orc warlord (Orc:2)
  2 emperor scorpions (Spider:4)
  5 ghost moths
  Louise (D:15)
  An ironheart preserver (D:13)
  2 entropy weavers
  2 dire elephants (Lair:5)
  A spark wasp (Spider:4)
  A merfolk javelineer (Shoals:4)
  An ettin (Orc:2)
  3 merfolk impalers
  11 hydras
  Erica (D:9)
  An alligator snapping turtle (Shoals:4)
  3 merfolk aquamancers
  A catoblepas (D:13)
  4 merfolk avatars
  13 two-headed ogres
  2 tengu warriors
  6 death yaks
  Urug (Lair:3)
  An ogre mage (D:15)
  3 orc high priests
  6 sea snakes
  3 unseen horrors
  4 orc knights
  23 harpies
  25 orb spiders
  6 cyclopes
  6 orc sorcerers
  2 ugly things (D:13)
  6 manticores
  8 fauns
  40 wolf spiders
  3 deep elf magi
  3 moths of wrath
  4 centaur zombies
  10 black mambas
  3 water nymphs
  11 elephants
  7 merfolk sirens
  4 gargoyles
  An ice statue (IceCv)
  13 spiny frogs
  A torpor snail (Lair:4)
  2 kobold demonologists
  7 demonic crawlers
  A spectral redback (Spider:4)
  6 rime drakes
  13 komodo dragons
  A spark wasp simulacrum (Spider:4)
  22 polar bears
  2 ice devils (D:13)
  A spectral moth of wrath (Spider:4)
  36 jumping spiders
  A queen bee (Spider:1)
  A harpy zombie (D:14)
  3 wind drakes
  8 trolls
  5 hornets
  19 merfolk
  5 snapping turtles
  12 blink frogs
  5 slime creatures
  18 dream sheep
  8 hippogriffs
  A centaur simulacrum (D:13)
  62 redbacks
  21 tarantellas
  3 wyverns
  A vampire (D:13)
  2 wraiths
  62 yaks
  2 spriggans (Lair:5)
  9 water elementals
  Grum (D:8)
  4 basilisks
  An emperor scorpion simulacrum (Spider:4)
  A steam dragon (D:9)
  A spectral orb spider (Spider:4)
  10 vampire mosquitoes
  2 hungry ghosts (D:10)
  A redback simulacrum (Spider:4)
  4 wargs
  26 water moccasins
  A spectral hornet (Spider:4)
  A jumping spider simulacrum (Spider:4)
  14 porcupines
  25 orc warriors
  2 tarantella simulacra (Spider:4)
  3 sky beasts
  3 black bears
  5 ice beasts
  3 eyes of draining
  A necrophage (D:13)
  13 ogres
  3 phantoms
  11 centaurs
  28 wolves
  10 crocodiles
  6 big kobolds
  19 bullfrogs
  A gnoll sergeant (D:8)
  A wyvern zombie (D:11)
  3 scorpions
  15 killer bees
  17 wights
  5 howler monkeys
  3 electric eels
  2 crimson imps
  4 quasits
  A bullfrog zombie (D:5)
  5 jellies
  2 gnoll shamans (D:8)
  11 orc priests
  A bullfrog skeleton (D:6)
  3 centaur skeletons
  3 hounds
  2 iguanas
  24 orc wizards
  12 worker ants
  4 hell rats (Lair:2)
  A hound skeleton (D:9)
  A howler monkey zombie (D:11)
  10 adders
  17 gnolls
  A howler monkey skeleton (D:7)
  8 river rats (Lair:2)
  7 shadow imps
  8 oozes
  An adder zombie (D:7)
  8 worms
  7 leopard geckos
  60 orcs
  6 bats
  6 giant cockroaches
  9 goblins
  4 hobgoblins
  19 jackals
  27 kobolds
  4 quokkas
  A ball python (D:3)
  A ball python skeleton (D:4)
  8 frilled lizards
  2 giant cockroach zombies
  2 quokka zombies
  10 rats
1147 creatures vanquished.

Vanquished Creatures (others)
  A jumping spider (Spider:3)
  A spectral moth of wrath (Spider:4)
  A redback (Spider:4)
  A wolf (IceCv)
  2 fungi (Lair:6)
  13 plants
  4 tentacles (Shoals:1)
23 creatures vanquished.

Grand Total: 1170 creatures vanquished

Notes
Turn   | Place    | Note
-------+----------+-------------------------------------------
     0 | D:1      | Delamore the Gargoyle Fighter began the quest for the Orb.
     0 | D:1      | Reached XP level 1. HP: 14/14 MP: 1/1
    28 | D:1      | Reached XP level 2. HP: 19/19 MP: 2/2
  1038 | D:2      | Reached XP level 3. HP: 23/24 MP: 3/3
  1181 | D:2      | Found a white marble altar of Elyvilon.
  1331 | D:2      | HP: 1/24 [adder (3)]
  1683 | D:2      | Reached skill level 4 in Fighting
  2000 | D:2      | Reached XP level 4. HP: 29/29 MP: 4/4
  2757 | D:3      | Found a bloodstained altar of Trog.
  3082 | D:4      | Reached XP level 5. HP: 25/34 MP: 5/5
  3507 | D:4      | Noticed a phantom
  3562 | D:4      | Killed a phantom
  3562 | D:4      | Reached skill level 5 in Fighting
  3562 | D:4      | Reached skill level 5 in Shields
  3562 | D:4      | Reached XP level 6. HP: 27/40 MP: 6/6
  4029 | D:5      | Entered Level 5 of the Dungeon
  4145 | D:5      | Reached skill level 5 in Maces & Flails
  4145 | D:5      | Reached XP level 7. HP: 19/44 MP: 7/7
  4503 | D:5      | Found Kadam's Jewellery Emporium.
  4883 | D:6      | Found an ancient bone altar of Kikubaaqudgha.
  5047 | D:6      | Reached XP level 8. HP: 49/49 MP: 8/8
  5091 | D:6      | Got a brightly glowing spear
  5092 | D:6      | Identified the +6 spear "Xom's Recklessness" {freeze, rC-
                  | rN+ SInv} (You found it on level 6 of the Dungeon)
  5137 | D:6      | Found a sacrificial altar of Ru.
  5150 | D:6      | Got a jewelled flail
  5151 | D:6      | Identified the +6 flail "Beetle's Regret" {freeze, Str+2
                  | Dex+2} (You found it on level 6 of the Dungeon)
  5682 | D:7      | Found a staircase to the Ecumenical Temple.
  5773 | D:7      | Got a scorched pewter ring
  5805 | Temple   | Entered the Ecumenical Temple
  6046 | D:7      | Identified the ring "Wecoinil" {Dex+6 Stlth-} (You found it
                  | on level 7 of the Dungeon)
  6325 | D:7      | Reached skill level 10 in Maces & Flails
  6344 | D:7      | Found an iron altar of Okawaru.
  6403 | D:7      | Became a worshipper of Warmaster Okawaru
  6575 | D:7      | Reached XP level 9. HP: 50/54 MP: 9/9
  6690 | D:8      | Noticed Grum
  6886 | D:7      | Reached * piety under Okawaru
  7006 | D:8      | Killed Grum
  7351 | D:8      | Reached ** piety under Okawaru
  7637 | D:8      | Reached XP level 10. HP: 40/59 MP: 10/10
  8296 | D:9      | Reached *** piety under Okawaru
  8728 | D:9      | Noticed Erica
  8739 | D:9      | Killed Erica
  8739 | D:9      | Reached **** piety under Okawaru
  8976 | D:9      | Reached skill level 6 in Fighting
  9576 | D:10     | Entered Level 10 of the Dungeon
  9663 | D:10     | Noticed a two-headed ogre
  9671 | D:10     | HP: 2/61 [two-headed ogre/+0 giant spiked club (5)]
  9673 | D:10     | Killed a two-headed ogre
  9673 | D:10     | Reached skill level 7 in Fighting
  9673 | D:10     | Reached XP level 11. HP: 3/67 MP: 11/11
 10004 | D:10     | Reached ***** piety under Okawaru
 10244 | D:10     | Found a staircase to the Orcish Mines.
 10381 | D:10     | Found a shimmering blue altar of Sif Muna.
 10402 | D:10     | Received a gift from Okawaru
 10687 | D:10     | Found a staircase to the Lair.
 11331 | D:11     | Noticed a two-headed ogre
 11341 | D:11     | Killed a two-headed ogre
 11341 | D:11     | Reached skill level 8 in Fighting
 11599 | D:11     | Noticed a four-headed hydra
 11641 | D:11     | Killed an unseen horror
 11641 | D:11     | Received a gift from Okawaru
 11850 | D:10     | Killed a four-headed hydra
 12036 | D:11     | Reached skill level 9 in Fighting
 12083 | D:11     | Noticed a two-headed ogre
 12094 | D:11     | Killed a two-headed ogre
 12163 | D:11     | Noticed a two-headed ogre
 12169 | D:11     | Killed a two-headed ogre
 12389 | D:12     | Noticed a two-headed ogre
 12393 | D:12     | Killed a two-headed ogre
 12393 | D:12     | Reached skill level 10 in Fighting
 12393 | D:12     | Reached skill level 10 in Shields
 12399 | D:12     | Reached XP level 12. HP: 54/77 MP: 12/12
 12823 | D:12     | Got a pitted chain mail
 12834 | D:12     | Identified the +9 chain mail of Wammu {Slay+3} (You found
                  | it on level 12 of the Dungeon)
 13266 | D:12     | Reached skill level 11 in Fighting
 13547 | Lair:1   | Entered Level 1 of the Lair of Beasts
 13636 | Lair:1   | Received a gift from Okawaru
 13917 | Lair:1   | Noticed an eight-headed hydra
 13926 | Lair:1   | Killed an eight-headed hydra
 14292 | Lair:2   | Noticed a seven-headed hydra
 14302 | Lair:2   | Killed a seven-headed hydra
 14302 | Lair:2   | Reached ****** piety under Okawaru
 14302 | Lair:2   | Reached skill level 12 in Fighting
 15156 | Lair:3   | Noticed a five-headed hydra
 15163 | Lair:3   | Received a gift from Okawaru
 15174 | Lair:3   | Killed a five-headed hydra
 15184 | Lair:3   | Reached XP level 13. HP: 87/87 MP: 13/13
 15378 | Lair:3   | Found a hole to the Spider Nest.
 15550 | Lair:3   | Reached skill level 13 in Fighting
 16083 | Lair:3   | Noticed Urug
 16106 | Lair:3   | Killed Urug
 16233 | Lair:3   | Found a staircase to the Shoals.
 16748 | Lair:4   | Received a gift from Okawaru
 16782 | Lair:4   | Reached skill level 14 in Fighting
 18046 | Lair:5   | Received a gift from Okawaru
 18046 | Lair:5   | Gained mutation: Your large and strong wings let you fly
                  | indefinitely. [Gargoyle growth]
 18046 | Lair:5   | Reached XP level 14. HP: 96/96 MP: 14/14
 18053 | Lair:5   | Got a slimy morningstar {god gift}
 18054 | Lair:5   | Identified the +7 morningstar of Mouth {protect, Int+5}
                  | (Okawaru gifted it to you on level 5 of the Lair of Beasts)
 18923 | Lair:6   | Entered Level 6 of the Lair of Beasts
 18937 | Lair:6   | Found a staircase to the Slime Pits.
 19226 | Lair:6   | Noticed a dire elephant
 19234 | Lair:5   | Reached skill level 15 in Fighting
 19234 | Lair:5   | Reached skill level 15 in Shields
 19261 | Lair:5   | Killed a dire elephant
 19511 | Lair:6   | Received a gift from Okawaru
 19552 | Lair:6   | Reached skill level 15 in Maces & Flails
 19894 | Lair:6   | Noticed a dire elephant
 20007 | Lair:5   | Killed a dire elephant
 20175 | Lair:5   | Received a gift from Okawaru
 20487 | Lair:6   | Received a gift from Okawaru
 20553 | Lair:6   | Got an encrusted eveningstar {god gift}
 20562 | Lair:6   | Identified the +7 eveningstar "Hutooj" {pain, MR+} (Okawaru
                  | gifted it to you on level 6 of the Lair of Beasts)
 20887 | Lair:6   | Got a pair of crude boots
 20893 | Lair:6   | Identified the +2 pair of boots of Xopp {rCorr Dex+2} (You
                  | found it on level 6 of the Lair of Beasts)
 21005 | Lair:6   | Reached skill level 5 in Armour
 21104 | Lair:6   | Reached XP level 15. HP: 103/103 MP: 15/15
 21782 | Orc:1    | Entered Level 1 of the Orcish Mines
 22139 | Orc:2    | Entered Level 2 of the Orcish Mines
 22139 | Orc:2    | Found a roughly hewn altar of Beogh.
 22142 | Orc:2    | Noticed an orc warlord
 22155 | Orc:2    | Killed an orc warlord
 22155 | Orc:2    | Received a gift from Okawaru
 22433 | Orc:2    | Found a staircase to the Elven Halls.
 22827 | Orc:2    | Found Lequu's Food Emporium.
 23643 | Orc:2    | Received a gift from Okawaru
 23643 | Orc:2    | Reached skill level 10 in Armour
 23644 | Orc:2    | Found Uplun's Food Shop.
 23656 | Orc:2    | Found Koadin's Distillery.
 23786 | Orc:2    | Bought a potion of degeneration for 14 gold pieces
 23788 | Orc:2    | Found Petekyep's Antique Weapon Emporium.
 23870 | Orc:1    | Reached skill level 1 in Invocations
 23870 | Orc:1    | Reached skill level 1 in Evocations
 24112 | D:13     | Found Yzxo's Gadget Emporium.
 24284 | D:13     | Found a frozen archway.
 24375 | IceCv    | Entered an ice cave
 25160 | IceCv    | Noticed a frost giant
 25165 | IceCv    | Received a gift from Okawaru
 25180 | IceCv    | Killed a frost giant
 25180 | IceCv    | Reached skill level 5 in Invocations
 25213 | IceCv    | Reached skill level 5 in Evocations
 25287 | IceCv    | Identified the Compendium of Enchanting Confrontation
 25685 | D:13     | Found a gate to the Vaults.
 25697 | D:13     | Reached XP level 16. HP: 107/108 MP: 19/19
 26496 | D:14     | Received a gift from Okawaru
 26923 | D:14     | Reached skill level 16 in Fighting
 27284 | D:15     | Entered Level 15 of the Dungeon
 27831 | D:15     | Found a staircase to the Depths.
 28198 | D:15     | Noticed Louise
 28210 | D:15     | Killed Louise
 28210 | D:15     | Reached skill level 17 in Fighting
 28804 | Spider:1 | Entered Level 1 of the Spider Nest
 29401 | Spider:1 | Received a gift from Okawaru
 30286 | Spider:2 | You fall into a shaft and drop 1 floor!
 30790 | Spider:2 | Reached XP level 17. HP: 107/119 MP: 20/20
 30920 | Spider:2 | Reached skill level 18 in Fighting
 31566 | Spider:3 | Received a gift from Okawaru
 31821 | Spider:3 | Identified the Handbook of Envenoming
 31851 | Spider:3 | Noticed Arachne
 31869 | Spider:3 | Killed Arachne
 32146 | Spider:4 | Entered Level 4 of the Spider Nest
 32642 | Spider:4 | Received a gift from Okawaru
 33287 | Spider:4 | Reached skill level 19 in Fighting
 34111 | Spider:4 | Reached XP level 18. HP: 76/128 MP: 0/21
 34322 | Spider:4 | Got a gossamer rune of Zot
 34443 | Spider:4 | Found a runed translucent gate.
 34443 | Spider:4 | Found a runed translucent gate.
 34443 | Spider:4 | Found a runed translucent gate.
 34448 | Spider:4 | Noticed cfbundy's ghost (adept FoFi)
 34478 | Spider:4 | Killed cfbundy's ghost
 34478 | Spider:4 | Received a gift from Okawaru
 34869 | Shoals:1 | Entered Level 1 of the Shoals
 35094 | Shoals:1 | Found Monwuxtoff's Armour Boutique.
 35747 | Shoals:2 | Found a sacrificial altar of Ru.
 35883 | Shoals:2 | Received a gift from Okawaru
 36036 | Shoals:2 | Reached skill level 20 in Fighting
 36646 | Shoals:2 | Found an ancient bone altar of Kikubaaqudgha.
 36978 | Shoals:3 | Noticed Nikola
 36990 | Shoals:3 | Killed Nikola
 36990 | Shoals:3 | Received a gift from Okawaru
 38001 | Shoals:4 | Entered Level 4 of the Shoals
 38251 | Shoals:4 | Hit by a silver javelin thrown by a merfolk javelineer

Illustrated notes

Levels and vault maps discovered:
D:1:      ncdulo_lavacross, layout_basic, minmay_misc_feat_ornament
D:2:      layout_loops_corners, lemuel_round_altar, nrook_mini_vaults
D:3:      layout_loops_ring, first_ration, trog_hazing_becter
D:4:      layout_cave_pools, serial_rivers, chequers_serial_rivers_small_b,
          chequers_serial_rivers_micro_a, chequers_serial_rivers_small_a,
          chequers_serial_rivers_micro_c, chequers_serial_rivers_small_3
D:5:      layout_basic, serial_shops, shop, chequers_big_river
D:6:      layout_basic, lemuel_doored_altar, nicolae_ru_awakened_eye
D:7:      layout_basic, lemuel_round_altar, temple_pool_b
D:8:      kennysheep_seaside_town, layout_loops_ring, uniq_grum
D:9:      layout_gridville, uniq_erica
D:10:     kennysheep_orc_sif_temple, layout_layer_cave, lair_entry_dummy,
          orc_0_dummy
D:11:     layout_irregular_city
D:12:     layout_roguey, hangedman_little_slice_of_home
D:13:     layout_long_grid, skrybe_vaults_entry_preservation, serial_ice,
          serial_ice_c, serial_ice_b, serial_ice_i, serial_ice_m,
          portal_ice_cave_demonic_guard, serial_shops, shop
D:14:     layout_gridville, minmay_misc_feat_enclosed, kennysheep_generic_room_7
D:15:     grunt_enter_depths_giant_problem, layout_rooms, patterned_corridor,
          uniq_louise
Temple:   hc_temple_tempest_star
Lair:1:   layout_misc_corridors, chequers_serial_rivers_large_a,
          serial_bayou_shore_b
Lair:2:   layout_concentric_octagons, kennysheep_abandoned_house,
          grunt_megastairs_2
Lair:3:   layout_hall_layers, minmay_shoals_entry_lonely_mermaid,
          spider_nest_entry_a, infiniplex_staircase_pool, grunt_megastairs_4,
          minmay_lair_oklob_chamber, uniq_urug
Lair:4:   layout_cave_pods
Lair:5:   beast_lair_carwin_large_4, layout_regular_city, forest_entry_grove,
          grunt_megastairs_5
Lair:6:   gammafunk_lair_ancient_temple, layout_regular_city,
          nicolae_slime_entry_slimehenge, guppyfry_lair_drakes
Shoals:1: layout_shoals, serial_shops, shop
Shoals:2: layout_shoals, hangedman_feature_mirror
Shoals:3: layout_shoals, uniq_nikola
Shoals:4: shoals_end_simple, layout_shoals
Spider:1: layout_spider_delve, hive_lemuel
Spider:2: layout_chambers
Spider:3: layout_spider_delve, uniq_arachne
Spider:4: grunt_spider_rune_parallel, gammafunk_ghost_necromancy
Orc:1:    layout_caves
Orc:2:    st_orc_elflike, layout_caves, basic_altar

Skill      XL: |  1  2  3  4  5  6  7  8  9 10 11 12 13 14 15 16 17 18 |
---------------+-------------------------------------------------------+-----
Shields        | 4 5 7 10 12 14 15 16 17 19 | 19.2
Fighting       | 4 5 7 10 12 14 15 17 19 20 | 20.6
Maces & Flails | 3 4 5 7 10 12 14 16 | 16.0
Armour         | 5 10 | 10.0
Invocations    | 5 |  5.0
Evocations     | 5 |  5.0

Action                   |  1- 3 |  4- 6 |  7- 9 | 10-12 | 13-15 | 16-18 || total
-------------------------+-------+-------+-------+-------+-------+-------++-------
Melee: Flail             |   144 |   242 |   282 |   697 |   692 |       ||  2057
       Spear             |       |       |     5 |       |       |       ||     5
       Eveningstar       |       |       |       |       |   566 |  1495 ||  2061
Throw: Dart              |       |       |     4 |     2 |       |       ||     6
       Javelin           |       |       |       |       |       |     4 ||     4
Invok: Finesse           |       |       |       |       |       |     1 ||     1
 Abil: Fly               |       |       |       |       |       |     1 ||     1
Evoke: Wand              |       |       |       |       |       |     1 ||     1
  Use: Scroll            |       |       |     5 |     7 |    12 |     9 ||    33
       Potion            |       |       |       |       |       |     5 ||     5
 Stab: Petrified         |       |       |       |       |     3 |       ||     3
       Held in net/web   |       |       |       |       |       |     1 ||     1
  Eat: Chunk             |     3 |     8 |     8 |    19 |    31 |    28 ||    97
       Ration            |       |       |     1 |     3 |     1 |     4 ||     9
Armor: Scale mail        |   103 |    69 |       |       |       |       ||   172
       Chain mail        |       |    82 |   163 |   328 |   565 |  1053 ||  2191
Dodge: Dodged            |    49 |    68 |    79 |   106 |   258 |   328 ||   888
       Repelled          |       |       |       |       |     7 |    15 ||    22
Block: Kite shield       |    72 |   161 |   239 |   551 |  1056 |    25 ||  2104
       Reflection        |       |       |       |    15 |    10 |    58 ||    83
       Tower shield      |       |       |       |       |       |  1715 ||  1715
       Other             |       |       |       |       |       |    70 ||    70
